 Dungeon Crawl Stone Soup version 0.28.0-53-g5a82cb258f (webtiles) character file.

Game seed: 4552801039512078945

482 infcreate the Sneak (level 6, 32/32 HPs)
             Began as a Vampire Enchanter on July 29, 2022.
             Was an Initiate of Dithmenos.
             Quit the game on level 4 of the Dungeon.
             The game lasted 00:10:31 (5232 turns).

infcreate the Sneak (Vampire Enchanter)             Turns: 5232, Time: 00:10:31

Health: 32/32      AC:  4    Str:  7    XL:     6   Next: 87%
Magic:  11/11      EV: 14    Int: 18    God:    Dithmenos [......]
Gold:   128        SH:  0    Dex: 16    Spells: 1/12 levels left

rFire   . . .      SeeInvis +   a - +1 dagger
rCold   + + .      Faith    .   (no shield)
rNeg    + + +      Spirit   .   b - +0 robe
rPois   ∞          Reflect  .   n - +0 helmet
rElec   .          Harm     .   (no cloak)
rCorr   .          Rampage  .   h - +0 pair of gloves
Will    +....                   (no boots)
Stlth   +++++.....              (no amulet)
HPRegen 0.10/turn               W - ring of willpower
MPRegen 0.12/turn               (no ring)

@: bloodless
A: bloodless, fangs 3, see invisible, vampiric 2
a: Bat Form, Revivify, Renounce Religion


You were on level 4 of the Dungeon.
You worshipped Dithmenos.
Dithmenos was noncommittal.
You visited 1 branch of the dungeon, and saw 4 of its levels.

You collected 168 gold pieces.
You spent 40 gold pieces at shops.


Innate Abilities, Weirdness & Mutations

You do not regenerate when monsters are visible.
You are frail without blood (-20% HP).
You can heal yourself when you bite living creatures.
You are immune to poison.
You have razor-sharp teeth.
You have supernaturally acute eyesight. (SInv)
You are afflicted with vampirism and can become a bat while bloodless.


   Skills:
 + Level 3.4 Short Blades
 + Level 4.1 Dodging
 + Level 6.7 Stealth
 + Level 3.5 Spellcasting
 + Level 6.3 Hexes


You had one spell level left.
You knew the following spells:

 Your Spells              Type           Power      Damage    Failure   Level
c - Confusing Touch       Hex            26%        N/A       3%          3
d - Tukima's Dance        Hex            26%        N/A       3%          3
e - Ensorcelled Hibernat  Hex/Ice        28%        N/A       6%          2
f - Dazzling Flash        Conj/Hex       28%        N/A       13%         3

Your spell library contained the following spells:

 Spells                   Type           Power      Damage    Failure   Level
 Foxfire                  Conj/Fire      12%        2x1d4     16%         1
 Inner Flame              Hex/Fire       14%        N/A       13%         3
 Conjure Flame            Conj/Fire      3%         6-21      43%         3
 Gell's Gravitas          Tloc           3%         N/A       43%         3
 Teleport Other           Tloc           3%         N/A       43%         3
 Flame Wave               Conj/Fire      3%         2d4       83%         4
 Dispersal                Tloc           1%         N/A       100%        6

Inventory:

Hand Weapons
 a - a +1 dagger (weapon)
Missiles
 f - 117 stones (quivered)
 l - a throwing net {=f}
Armour
 b - a +0 robe (worn)
 h - a +0 pair of gloves (worn)
 n - a +0 helmet (worn)
Jewellery
 W - a ring of willpower (left hand)
Wands
 o - a wand of charming (9)
Scrolls
 g - 3 scrolls of teleportation {@r2}
 i - a scroll of magic mapping {unknown}
 j - a scroll of enchant armour {unknown}
 p - a scroll of noise {unknown}
 q - a scroll of identify {@r1}
 r - a scroll of enchant weapon {unknown}
Potions
 c - 2 potions of invisibility
 d - a potion of heal wounds {@q2}
 e - a potion of curing {@q1}
 k - a potion of haste {unknown}
 m - a potion of might {unknown}

Dungeon Overview and Level Annotations

Branches:
Dungeon (4/15)
 Temple: D:4-7

Altars:
Dithmenos
Gozag
Hepliaklqana
Makhleb

Shops:
D:1 ?

Annotations:
D:4 2 transporters

#......#.##....#####.#.....
###.######.##... #.#...##
#.............##.### #.....##
#.............##...######..#.
#.............#.........#..#.
#.............#.........#.>#.
#.............#.........#.#..
#.............#.........#...#
#...........@.#.........#####
#.............#.........#
#.....?.......#.........#####
##############..............
#.........##### #.........#
###########


There were no monsters in sight!


Message History

You bite the jackal, and draw its blood!
You impale the jackal!!
You kill the jackal!
Dithmenos accepts your kill.
You see here a jackal corpse.
Found a stone staircase leading up.
A jackal comes into view.
The jackal moves out of view.
A jackal is nearby!
Casting: Ensorcelled Hibernation (safe; 6% risk of failure)
Confirm with . or Enter, or press ? or * to list all spells.
Aiming: Ensorcelled Hibernation (safe; 6% risk of failure)
Press: ? - help, Shift-Dir - straight line, f - jackal
Aim: a jackal (wandering, hasn't noticed you, chance to affect: 65%)
The jackal barks!
The jackal looks drowsy...
The helpless jackal fails to defend itself.
You bite the jackal, and draw its blood!
You impale the jackal!!
You kill the jackal!
Dithmenos accepts your kill.
Found a glowing dagger.
You see here a +0 dagger of freezing.
A hound skeleton comes into view.
Found a scroll labelled WAIVVATOTZ.
The helpless hound skeleton fails to defend itself.
You perforate the hound skeleton like a sieve!!!
You destroy the hound skeleton!
Dithmenos accepts your kill.
Are you sure you want to abandon this character and quit the game? (Confirm with "yes".)

Skill      XL: |  1  2  3  4  5  6 |
---------------+-------------------+-----
Stealth        | 5 6 |  6.7
Short Blades   | 2 3 |  3.4
Hexes          | 5 6 |  6.3
Dodging        | 3 4 |  4.1
Spellcasting   | 3 |  3.5

Action                   |  1- 3 |  4- 6 || total
-------------------------+-------+-------++-------
Melee: Dagger            |    69 |   178 ||   247
       Bite              |     5 |    17 ||    22
       Punch             |     2 |     7 ||     9
 Cast: Ensorcelled Hiber |    11 |    38 ||    49
       Confusing Touch   |     2 |    11 ||    13
       Tukima's Dance    |       |     2 ||     2
 Abil: Exsanguinate      |     1 |       ||     1
  Use: Scroll            |     3 |       ||     3
 Stab: Sleeping          |    28 |    33 ||    61
       Confused          |       |    10 ||    10
Armor: Robe              |     4 |    28 ||    32
Dodge: Dodged            |    21 |    73 ||    94

Levels and vault maps discovered:
D:1:      denvon_arrival_planthouse, layout_basic,
          chequers_ecumenical_altar_grove, serial_shops,
          nicolae_shop_hallway_stairs, minmay_misc_feat_doors,
          serial_park_tiny_pond
D:2:      layout_basic
D:3:      layout_loops_ring, lightli_temple_of_fire,
          beargit_hepliaklqana_dungeon_heroes, ebering_ghost_gozag,
          small_statue_intersection, skrybe_limestone_x
D:4:      gammafunk_cloud_chamber, layout_basic,
          nicolae_dithmenos_through_a_glass_darkly, kennysheep_generic_room_15

Notes
Turn   | Place    | Note
-------+----------+-------------------------------------------
     0 | D:1      | infcreate the Vampire Enchanter began the quest for the
                  | Orb.
     0 | D:1      | Reached XP level 1. HP: 13/13 MP: 3/3
   424 | D:1      | Reached XP level 2. HP: 15/15 MP: 5/5
   427 | D:1      | Learned a level 2 spell: Ensorcelled Hibernation
   581 | D:1      | Found a faded altar of an unknown god.
   831 | D:1      | Gained mutation: You are afflicted with vampirism and can
                  | become a bat while bloodless. [Vampire growth]
   831 | D:1      | Reached XP level 3. HP: 19/19 MP: 6/6
   835 | D:1      | Learned a level 3 spell: Confusing Touch
  1019 | D:1      | Reached skill level 5 in Stealth
  1051 | D:1      | Found Koab's Magic Scroll Boutique.
  1056 | D:1      | Bought a scroll of identify for 20 gold pieces
  1056 | D:1      | Bought a scroll of identify for 20 gold pieces
  1560 | D:2      | Reached skill level 2 in Short Blades
  1560 | D:2      | Reached skill level 5 in Hexes
  1872 | D:2      | Reached XP level 4. HP: 23/24 MP: 3/7
  2189 | D:2      | Identified the +1 robe of Ethics {Harm Dex+2}
  2412 | D:2      | Reached skill level 3 in Dodging
  3456 | D:3      | Found a runed translucent gate.
  3456 | D:3      | Found a runed translucent gate.
  3457 | D:3      | Found an opulent altar of Gozag.
  3457 | D:3      | Found a runed translucent gate.
  3460 | D:3      | Noticed MCDelver's ghost (weakling DrGl)
  3631 | D:3      | Found a burning altar of Makhleb.
  3684 | D:3      | Noticed a kobold brigand
  3685 | D:3      | Found a faded altar of an unknown god.
  3688 | D:3      | Found a hazy altar of Hepliaklqana.
  3691 | D:3      | Killed a kobold brigand
  3692 | D:3      | Reached XP level 5. HP: 28/28 MP: 9/9
  3696 | D:3      | Learned a level 3 spell: Tukima's Dance
  4007 | D:3      | Reached skill level 6 in Stealth
  4007 | D:3      | Reached skill level 3 in Spellcasting
  4041 | D:2      | Killed MCDelver's ghost
  4042 | D:2      | Reached skill level 3 in Short Blades
  4042 | D:2      | Reached XP level 6. HP: 27/32 MP: 1/10
  4046 | D:2      | Learned a level 3 spell: Dazzling Flash
  4305 | D:4      | Found a transporter.
  4356 | D:4      | Reached skill level 6 in Hexes
  4717 | D:4      | Found a transporter.
  4744 | D:4      | Found a shadowy altar of Dithmenos.
  4751 | D:4      | Became a worshipper of Dithmenos the Shadowed
  4865 | D:4      | Reached skill level 4 in Dodging
  5232 | D:4      | Quit the game

Vanquished Creatures
  A kobold brigand (D:3)
  A scorpion (D:4)
  The ghost of MCDelver the Ruffian, a weakling DrGl (D:2)
  A howler monkey (D:3)
  2 orc priests (D:4)
  A jelly (D:4)
  An orc wizard (D:4)
  A hound skeleton (D:4)
  A gnoll (D:1)
  4 adders
  A worm (D:3)
  2 dart slugs
  5 orcs
  7 endoplasms
  A giant cockroach (D:2)
  7 hobgoblins
  4 jackals (D:4)
  4 quokkas
  6 ball pythons
  5 bats
  A frilled lizard (D:2)
  12 goblins
  15 kobolds
  A quokka skeleton (D:4)
  8 rats
93 creatures vanquished.

Vanquished Creatures (others)
  A dancing weapon (D:3)
  7 plants (D:1)
8 creatures vanquished.

Grand Total: 101 creatures vanquished

Table legend: (Time is in decaauts)
 A = Elapsed time spent in this place.
 B = Non-inter-level travel time spent in this place.
 C = Inter-level travel time spent in this place.
 D = Time resting spent in this place.
 E = Time spent auto-exploring this place.
 F = Levels seen in this place.
 G = Mean time per level.
                   A        B        C        D        E       F      G
               +--------+--------+--------+--------+--------+-----+--------+
         Total |   5203 |   5140 |     63 |    304 |   3777 |   4 | 1300.8 |
       Dungeon |   5203 |   5140 |     63 |    304 |   3777 |   4 | 1300.8 |
               +--------+--------+--------+--------+--------+-----+--------+

Top non-repeatable levels by time:
     D:3: 1449 daAuts
     D:2: 1424 daAuts
     D:1: 1314 daAuts
     D:4: 1015 daAuts

Table legend:
 A = Non-vault XP
 B = Vault XP
 C = Vault XP percentage of total XP
 D = Non-vault monster count
 E = Vault monster count
 F = Vault count percentage of total count
                 A         B        C        D         E       F
            +---------+---------+-------+---------+---------+-------
      Total |     473 |     216 |  31.3 |      87 |       6 |   6.5
            +---------+---------+-------+---------+---------+-------
        D:1 |      57 |       0 |   0.0 |      26 |       0 |   0.0
        D:2 |      75 |      61 |  44.9 |      24 |       1 |   4.0
        D:3 |      36 |     153 |  81.0 |      16 |       4 |  20.0
        D:4 |     305 |       2 |   0.7 |      21 |       1 |   4.5
            +---------+---------+-------+---------+---------+-------
